Map: Kimeran Refuge

Players

foodfrthoght

  • Race: Terran Terran
  • League: Gold
  • Spawn Location: 7:00

Volaurt

  • Race: Zerg Zerg
  • Spawn Location: 6:00

Bage

  • Race: Protoss Protoss
  • League: Silver
  • Spawn Location: 6:00

Slagathorne

  • Race: Protoss Protoss
  • Spawn Location: 5:00

juhyg

  • Race: Zerg Zerg
  • Spawn Location: 1:00

Zardalak

  • Race: Protoss Protoss
  • League: Gold
  • Spawn Location: 12:00

Foxtrot

  • Race: Terran Terran
  • Spawn Location: 12:00

Hydin

  • Race: Protoss Protoss
  • Spawn Location: 11:00

VOD

Have the link to the VOD?

Description

Time

  • Played on: Nov. 17, 2015, 9:25 p.m.
  • Length: 5:10
Show
View Real Time Build Order
Export as new Build Order

foodfrthoght Terran 

Build Orders:  

Get SALT Encoding   

  12  0:01  SCV  
  13  0:13  SCV  
  14  0:19  Supply Depot  
  14  0:25  SCV  
  15  0:43  Barracks  
  15  0:44  SCV  
  15  0:48  Refinery  
  16  0:53  Refinery  
  16  0:56  SCV  
  17  1:09  SCV  
  18  1:15  Barracks  
  18  1:21  SCV  
  20  1:32  Reaper  
  20  1:33  SCV  
  20  1:34  Supply Depot  
  21  1:46  Orbital Command  
  21  2:03  Reaper  
  21  2:04  Reaper  
  21  2:05  Barracks  
  23  2:11  SCV  
  24  2:23  SCV  
  25  2:35  Reaper, SCV  
  25  2:36  Supply Depot  
  25  2:37  Reaper  
  28  3:07  Reaper  
  28  3:08  Reaper  
  28  3:11  Barracks  
  28  3:12  Barracks Tech Lab  
  28  3:40  Marauder  
  30  3:45  SCV  
  30  3:47  Supply Depot, Command Center  
  31  3:49  Reaper  
  31  3:50  Marine  
  33  4:01  Marine  
  34  4:08  Marine x2  
  36  4:19  Marauder  
  38  4:29  SCV  
  39  4:32  Marine x2  
  39  4:33  Marine  
  39  4:38  Engineering Bay  
  42  4:39  Engineering Bay  
  42  4:41  SCV  
  42  4:42  Factory  
  42  4:43  Marauder  
  45  4:50  Marine x2  
Show
View Real Time Build Order
Export as new Build Order

Volaurt Zerg 

Build Orders: Hatch First, Ravager All-In 

Get SALT Encoding   

  12  0:10  Drone  
  13  0:15  Overlord  
  13  0:16  Drone  
  14  0:34  Drone  
  14  0:35  Drone  
  16  0:45  Drone  
  17  0:56  Drone  
  18  1:05  Hatchery  
  17  1:11  Spawning Pool  
  17  1:14  Drone  
  17  1:22  Extractor  
  17  1:24  Drone  
  17  1:27  Drone  
  18  1:43  Overlord  
  18  1:51  Drone  
  19  1:57  Drone  
  19  1:59  Queen  
  22  2:11  Drone  
  23  2:17  Extractor  
  23  2:19  Queen  
  24  2:22  Roach Warren  
  24  2:24  Drone  
  24  2:27  Drone  
  24  2:28  Drone  
  26  2:30  Drone  
  27  2:42  Drone  
  27  2:43  Drone  
  29  2:47  Metabolic Boost  
  29  2:51  Drone  
  30  3:03  Drone  
  30  3:04  Drone x2  
  33  3:12  Extractor  
  32  3:17  Overlord, Roach x2  
  32  3:18  Overlord  
  36  3:26  Overlord x2  
  36  3:44  Roach  
  36  3:45  Roach x3  
  36  3:47  Roach  
  47  4:03  Ravager x2  
  47  4:08  Ravager x2  
  50  4:10  Ravager  
  51  4:18  Roach x2  
  51  4:19  Zergling x2  
  51  4:20  Zergling x10  
  61  4:32  Roach x3  
  67  4:40  Zergling x2  
  67  4:41  Overlord  
  68  4:59  Spore Crawler  
Show
View Real Time Build Order
Export as new Build Order

Bage Protoss 

Build Orders:  

Get SALT Encoding   

  12  0:02  Probe (Chrono Boost)  
  13  0:12  Probe (Chrono Boost)  
  14  0:18  Pylon  
  14  0:23  Probe (Chrono Boost)  
  15  0:36  Probe (Chrono Boost)  
  15  0:38  Gateway  
  16  0:47  Assimilator, Probe (Chrono Boost)  
  17  0:58  Probe (Chrono Boost)  
  18  1:08  Probe (Chrono Boost)  
  19  1:19  Probe (Chrono Boost)  
  20  1:27  Cybernetics Core  
  20  1:29  Pylon, Probe (Chrono Boost)  
  22  1:40  Probe (Chrono Boost)  
  22  1:50  Probe (Chrono Boost)  
  23  2:00  Assimilator  
  23  2:01  Probe (Chrono Boost)  
  24  2:05  Warp Gate (Chrono Boost)  
  24  2:06  Stalker  
  26  2:13  Gateway  
  25  2:16  Gateway  
  25  2:24  Gateway  
  25  2:38  Stalker  
  27  2:50  Pylon  
  27  3:02  Nexus  
  28  3:48  Probe  
  28  3:52  Stalker x2  
  28  3:53  Stalker x2  
  36  4:00  Probe  
  37  4:10  Pylon  
  33  4:31  Stalker x4  
  37  4:50  Probe  
  37  4:51  Probe  
  39  4:57  Stalker x3  
  39  4:58  Stalker  
Show
View Real Time Build Order
Export as new Build Order

Slagathorne Protoss 

Build Orders:  

Get SALT Encoding   

  12  0:01  Probe (Chrono Boost)  
  13  0:12  Probe (Chrono Boost)  
  14  0:18  Pylon  
  14  0:23  Probe (Chrono Boost)  
  15  0:36  Gateway  
  15  0:38  Probe (Chrono Boost)  
  16  0:49  Assimilator  
  16  0:52  Probe (Chrono Boost)  
  17  1:03  Probe (Chrono Boost)  
  18  1:14  Probe (Chrono Boost)  
  19  1:24  Cybernetics Core, Probe (Chrono Boost)  
  20  1:28  Pylon  
  20  1:30  Zealot  
  22  1:35  Probe (Chrono Boost)  
  23  1:57  Pylon  
  23  1:58  Zealot  
  25  2:01  Warp Gate (Chrono Boost)  
  25  2:03  Probe  
  26  2:09  Assimilator  
  26  2:15  Probe  
  27  2:30  Gateway  
  27  2:31  Gateway  
  27  2:32  Gateway  
  27  2:46  Stalker  
  29  2:52  Pylon  
  29  3:20  Stalker (Chrono Boost)  
  25  4:08  Stalker  
  25  4:09  Stalker x3  
  33  4:21  Gateway  
  33  4:22  Gateway  
  33  4:31  Stalker x2  
  35  4:33  Zealot x2  
  20  4:47  Probe  
Show
View Real Time Build Order
Export as new Build Order

juhyg Zerg 

Build Orders: Pool First 

Get SALT Encoding   

  12  0:20  Spawning Pool  
  11  0:23  Drone  
  12  0:32  Overlord  
  12  0:37  Drone  
  13  0:53  Drone x2  
  15  1:05  Extractor  
  15  1:07  Queen  
  15  1:09  Drone x2  
  18  1:26  Drone  
  19  1:34  Drone  
  20  1:42  Zergling x2  
  21  1:59  Drone  
  21  2:00  Extractor  
  21  2:01  Drone  
  22  2:19  Metabolic Boost  
  22  2:22  Hatchery  
  21  2:24  Drone  
  21  2:25  Overlord x2  
  22  2:55  Drone x5  
  22  2:56  Drone  
  28  3:05  Lair  
  27  3:20  Zergling x4  
  27  3:21  Zergling x6  
  32  3:34  Queen  
  32  4:23  Hydralisk Den  
  29  4:28  Zergling x2  
  29  4:29  Zergling x12  
Show
View Real Time Build Order
Export as new Build Order

Zardalak Protoss 

Build Orders: Oracle Opening 

Get SALT Encoding   

  12  0:02  Probe (Chrono Boost)  
  13  0:12  Probe (Chrono Boost)  
  14  0:20  Pylon  
  14  0:23  Probe (Chrono Boost)  
  15  0:39  Probe (Chrono Boost)  
  15  0:40  Gateway  
  16  0:49  Probe (Chrono Boost)  
  17  0:50  Assimilator  
  17  1:00  Assimilator, Probe (Chrono Boost)  
  18  1:10  Probe (Chrono Boost)  
  19  1:21  Probe (Chrono Boost)  
  20  1:31  Cybernetics Core, Probe (Chrono Boost)  
  21  1:35  Pylon  
  21  1:42  Probe (Chrono Boost)  
  22  2:10  Stargate  
  22  2:14  Probe (Chrono Boost), Nexus  
  23  2:27  Mothership Core (Chrono Boost), Warp Gate  
  25  2:30  Zealot  
  27  2:45  Probe (Chrono Boost)  
  27  2:47  Pylon  
  28  2:54  Oracle (Chrono Boost)  
  32  3:05  Probe  
  32  3:17  Probe  
  33  3:26  Oracle (Chrono Boost)  
  36  3:28  Forge  
  36  3:30  Probe  
  37  3:38  Probe  
  38  3:42  Probe  
  38  3:44  Pylon  
  38  3:46  Pylon  
  39  3:49  Probe  
  39  3:54  Probe  
  41  3:59  Void Ray (Chrono Boost)  
  41  4:02  Probe  
  45  4:06  Probe  
  47  4:10  Photon Cannon  
  47  4:13  Probe  
  48  4:18  Probe  
  48  4:23  Probe  
  49  4:30  Probe  
  49  4:34  Probe  
  54  4:42  Probe  
  54  4:44  Probe  
  56  4:54  Probe  
  57  5:08  Gateway  
Show
View Real Time Build Order
Export as new Build Order

Foxtrot Terran 

Build Orders: Cyclone Opening 

Get SALT Encoding   

  12  0:01  SCV  
  13  0:13  SCV  
  14  0:24  Supply Depot  
  14  0:25  SCV  
  15  0:45  SCV  
  15  0:46  Barracks  
  16  0:52  Refinery  
  16  0:54  Refinery  
  16  0:57  SCV  
  17  1:10  SCV  
  18  1:12  Supply Depot  
  18  1:22  SCV  
  19  1:37  Orbital Command  
  19  1:43  Factory  
  19  2:01  Factory  
  19  2:04  SCV  
  20  2:16  SCV  
  21  2:27  Factory Tech Lab  
  21  2:28  SCV  
  22  2:31  Supply Depot  
  22  2:40  SCV  
  23  2:45  Factory Tech Lab  
  23  2:46  Cyclone  
  26  2:52  SCV  
  27  3:02  Engineering Bay  
  27  3:04  SCV  
  28  3:11  Siege Tank  
  31  3:16  SCV  
  32  3:29  SCV  
  33  3:38  Siege Tank  
  33  3:41  SCV  
  37  3:45  Supply Depot  
  37  3:47  Supply Depot, Missile Turret  
  37  3:50  Missile Turret  
  37  3:53  SCV  
  38  4:05  SCV  
  36  4:29  Cyclone  
  36  4:30  SCV  
  34  4:33  Marine  
  35  4:42  SCV  
  35  4:51  Marine  
  35  4:59  Supply Depot  
  34  5:01  Supply Depot  
Show
View Real Time Build Order
Export as new Build Order

Hydin Protoss 

Build Orders:  

Get SALT Encoding   

  12  0:02  Probe (Chrono Boost)  
  13  0:13  Probe (Chrono Boost)  
  14  0:21  Pylon  
  14  0:25  Probe (Chrono Boost)  
  15  0:40  Gateway  
  15  0:43  Probe (Chrono Boost)  
  16  1:01  Probe (Chrono Boost)  
  17  1:09  Assimilator  
  17  1:12  Probe (Chrono Boost)  
  18  1:23  Probe (Chrono Boost)  
  19  1:33  Probe (Chrono Boost)  
  19  1:37  Cybernetics Core  
  20  1:48  Nexus  
  20  1:54  Forge  
  20  1:57  Pylon  
  20  1:59  Probe (Chrono Boost)  
  21  2:14  Warp Gate  
  21  2:20  Probe (Chrono Boost)  
  22  2:30  Photon Cannon  
  22  2:31  Probe (Chrono Boost), Photon Cannon  
  23  2:45  Stalker  
  24  3:04  Pylon  
  23  3:16  Photon Cannon  
  23  3:24  Probe x2 (Chrono Boost)  
  25  3:35  Probe x2 (Chrono Boost)  
  27  3:43  Pylon  
  27  3:54  Pylon  
  27  3:58  Probe x2 (Chrono Boost)  
  27  4:00  Assimilator  
  29  4:08  Probe x2 (Chrono Boost)  
  31  4:19  Gateway, Probe x2 (Chrono Boost)  
  31  4:20  Gateway  
  33  4:29  Stalker  
  31  4:49  Probe x2 (Chrono Boost)  
  33  5:00  Probe x2 (Chrono Boost)  
Tags
 
Add a new tag
Caveats
  • Supply blocks, unpowered buildings, or Contaminate may cause inaccurate times.
  • Supply counts are checked every 10 seconds.